 Dungeon Crawl Stone Soup version 0.30.0-13-g156ef70053 (webtiles) character file.

Game seed: 2104570858313295598

16 Damian the Firebug (level 2, 0/19 HPs)
             Began as a Demonspawn Fire Elementalist on May 17, 2023.
             Constricted to death by a ball python (1 damage)
             ... on level 2 of the Dungeon.
             The game lasted 00:01:51 (317 turns).

Damian the Firebug (Demonspawn Fire Elementalist)    Turns: 317, Time: 00:01:52

Health: 0/19       AC:  2    Str:  8    XL:     2   Next: 41%
Magic:  0/5        EV:  9    Int: 16    God:
Gold:   0          SH:  4    Dex: 13    Spells: 2/5 levels left

rFire   . . .        b - +0 dagger (flame)
rCold   . . .        (no shield)
rNeg    . . .        a - +0 robe
rPois   .            (no helmet)
rElec   .            (no cloak)
rCorr   .            (no gloves)
SInv    .            (no boots)
Will    .....        (no amulet)
Stlth   ++           (no ring)
HPRegen 0.23/turn    (no ring)
MPRegen 0.09/turn

%: no passive effects
@: constricted
A: condensation shield
a: no special abilities


You were on level 2 of the Dungeon.
You visited 1 branch of the dungeon, and saw 2 of its levels.

Inventory:

Hand Weapons
 b - a +0 dagger of flaming (weapon)
Armour
 a - a +0 robe (worn)
Scrolls
 c - 2 scrolls of identify
Potions
 d - 2 potions of brilliance {unknown}


   Skills:
 * Level 1.9 Dodging
 * Level 1.9 Stealth
 * Level 2.2 Spellcasting
 * Level 1.1 Conjurations
 * Level 3.1 Fire Magic


You had 2 spell levels left.
You knew the following spells:

 Your Spells              Type           Power      Damage    Failure   Level
a - Foxfire               Conj/Fire      32%        2x1d5     9%          1
b - Scorch                Fire           22%        2d6       9%          2

Your spell library contained the following spells:

 Spells                   Type           Power      Damage    Failure   Level
 Inner Flame              Hex/Fire       6%         N/A       32%         3
 Volatile Blastmotes      Fire/Tloc      12%        2d11      32%         3
 Flame Wave               Conj/Fire      8%         2d5       63%         4


Dungeon Overview and Level Annotations

Branches:
Dungeon (2/15)

Altars:


Innate Abilities, Weirdness & Mutations

A meltable shield of frost defends you. (SH +4)


Message History

You kill the frilled lizard!
You hear a shout!
A hobgoblin comes into view.
You see here a frilled lizard corpse.
A ball python comes into view.
The ball python hisses angrily.
Casting: Scorch (safe; 9% risk of failure)
Press: ? - help, Q - select action, (/) - cycle Dir - look around, f - activate Flames lash the hobgoblin.
The hobgoblin is heavily wounded.
The hobgoblin's fire resistance burns away.
The hobgoblin hits you.
You hit the hobgoblin but do no damage.
The hobgoblin is heavily wounded.
The hobgoblin hits you but does no damage.
You barely miss the hobgoblin.
The hobgoblin is heavily wounded.
The hobgoblin hits you.
You barely miss the hobgoblin.
The hobgoblin is heavily wounded.
The hobgoblin is no longer more vulnerable to fire.
The hobgoblin barely misses you.
You barely miss the hobgoblin.
The hobgoblin is heavily wounded.
You block the ball python's attack. The ball python closely misses you.
The hobgoblin hits you.
You closely miss the hobgoblin.
The hobgoblin is heavily wounded.
The ball python bites you. The ball python grabs you.
The ball python constricts you.
The hobgoblin hits you but does no damage.
You hit the hobgoblin. You burn the hobgoblin.
The hobgoblin is almost dead.
The ball python bites you. The ball python constricts you.
The hobgoblin hits you.
* * * LOW HITPOINT WARNING * * *
The ball python bites you.
* * * LOW HITPOINT WARNING * * *
The ball python constricts you.
You die...

######### #.......#
#.......# #.......###
#.........#
#.......S?######.#
#......@g.........
#.........######.#
#....†....+ ... #.##.##...#
#.# ######.#8.8#...# #.#
#............#.######.######
#......#8.8#.#.#...........#
#......##.##.#.#.###.#####.#
#.......#.'###.#..<).....#)#


You could see a hobgoblin and a ball python.

Vanquished Creatures
  A dart slug (D:2)
  A ball python (D:1)
  An endoplasm (D:2)
  A giant cockroach (D:1)
  A goblin (D:2)
  4 jackals (D:1)
  A frilled lizard (D:2)
  3 kobolds (D:2)
13 creatures vanquished.

Vanquished Creatures (others)
  7 foxfires (D:1)
7 creatures vanquished.

Grand Total: 20 creatures vanquished

Notes
Turn   | Place    | Note
-------+----------+-------------------------------------------
     0 | D:1      | Damian the Demonspawn Fire Elementalist began the quest for
                  | the Orb.
     0 | D:1      | Reached XP level 1. HP: 13/13 MP: 3/3
   140 | D:1      | Reached skill level 3 in Fire Magic
   140 | D:1      | Gained mutation: A meltable shield of frost defends you.
                  | (SH +4) [demonic ancestry]
   140 | D:1      | Reached XP level 2. HP: 19/19 MP: 1/5
   174 | D:1      | Learned a level 2 spell: Scorch
   317 | D:2      | Constricted to death by a ball python

Illustrated notes

Levels and vault maps discovered:
D:1:      lightli_arrival_quake, layout_loops_corners, serial_rivers,
          chequers_serial_rivers_micro_c, chequers_serial_rivers_micro_e,
          chequers_serial_rivers_micro_b, chequers_serial_rivers_room_b,
          chequers_serial_rivers_small_3
D:2:      layout_basic, small_statue_intersection

Skill      XL: |  1 |
---------------+----+-----
Fire Magic     | 3 |  3.1
Dodging        | |  1.9
Stealth        | |  1.9
Spellcasting   | |  2.2
Conjurations   | |  1.1

Action                     || total
---------------------------++-------
  Melee: Dagger            ||    12
   Cast: Foxfire           ||     5
         Scorch            ||     6
    Use: Potion            ||     1
         Scroll            ||     1
 Armour: Robe              ||     4
  Dodge: Dodged            ||     8
  Block: Other             ||     4
